 Dungeon Crawl Stone Soup version 0.31-a0-202-g547052bce9 (webtiles) character file.

Game seed: 327007962061436702

16 qw the Shooter (level 2, -1/16 HPs)
             Began as a Deep Elf Hunter on June 26, 2023.
             Succumbed to their own poison gas
             ... on level 1 of the Dungeon.
             The game lasted 00:00:14 (650 turns).

qw the Shooter (Deep Elf Hunter)                     Turns: 650, Time: 00:00:14

Health: -1/16      AC:  5    Str:  8    XL:     2   Next: 41%
Magic:  4/4        EV: 10    Int: 13    God:
Gold:   38         SH:  0    Dex: 18    Spells: 1/1 levels left

rFire   + . .        Y - +0 shortbow
rCold   + . .        (shield currently unavailable)
rNeg    . . .        e - +0 ring mail
rPois   .            (no helmet)
rElec   .            (no cloak)
rCorr   .            (no gloves)
SInv    .            (no boots)
Will    .....        (no amulet)
Stlth   +            h - ring of protection from fire
HPRegen 0.22/turn    k - ring of protection from cold
MPRegen 0.09/turn

%: no passive effects
@: lethally poisoned (-1 -> -9)
A: no striking features
a: no special abilities


You were on level 1 of the Dungeon.
You visited 1 branch of the dungeon, and saw 1 of its levels.

You collected 38 gold pieces.


   Skills:
 - Level 1.5 Fighting
 + Level 6.2 Ranged Weapons
 - Level 2.4 Dodging
 - Level 1.2 Stealth


You had one spell level left.
You didn't know any spells.
Your spell library was empty.

Inventory:

Hand Weapons
 Y - a +0 shortbow (weapon)
Armour
 e - a +0 ring mail (worn)
Jewellery
 h - a ring of protection from fire (left hand)
 k - a ring of protection from cold (right hand)
Scrolls
 l - a scroll of identify
Potions
 d - a potion of lignification {unknown}
 i - a potion of curing {unknown}

Dungeon Overview and Level Annotations

Branches:
Dungeon (1/15)

Altars:


Message History

Enter note: Done exploring.
643 ||| READING scroll labelled OSSIAGHUSH.
The air fills with toxic fumes!
As you read the scroll labelled OSSIAGHUSH, it crumbles to dust.
It was a scroll of poison.
Done exploring.
644 ||| READING 2 scrolls labelled JETTIE DAOJENK.
As you read the scroll labelled JETTIE DAOJENK, it crumbles to dust.
It is a scroll of identify.
Really abort (and waste the scroll)?
Done exploring.
645 ||| DROPPING scroll of butterflies.
You drop a scroll of butterflies.
Done exploring.
(D) Dungeon
Where to? (* - list waypoints, ? - help)
What level of the Dungeon? (default 1, ? - help) Sorry, I don't know how to get there.
Enter note:
Enter note:
Enter note:
Enter note:
Enter note:
Enter note:
Enter note:
Enter note:
Enter note: Really walk into that cloud of poison gas?
You are engulfed in poison gas.
You are lethally poisoned!
You feel very sick.
647 ||| Stepping ~*~*~tactically~*~*~ (cloud).
You feel very sick.
You see here a scroll of butterflies.
There is a lethal amount of poison in your body!
You feel very sick.
There is a lethal amount of poison in your body!
You feel sick.
There is a lethal amount of poison in your body!
You die...

## ######## #.# #.#...#.### .#
#.# #.#...#.# # .#### #0#
####.......# # ....# #¤#
#.......#### # .##.## #0#
#.####..#### #
.#...##########0####.####.....# #
..#............0¤.....>##.###.#
##.#.########.##¤##..#.##.###.###
##.## #.##@##..#.#..#.....# ###
#.##¤¤¤¤0¤#.#.#.#.#.#
#.####¤0¤#¤###.......
#.####¤¤#¤#.#.....#.#
#......¤##¤#.#..###.#
######[#######).###.#
#.#####........# #....##.....####
#.....#.....#


There were no monsters in sight!

Vanquished Creatures
  A ball python (D:1)
  3 bats (D:1)
  An endoplasm (D:1)
  2 goblins (D:1)
  2 hobgoblins (D:1)
  3 frilled lizards (D:1)
  2 kobolds (D:1)
  2 rats (D:1)
16 creatures vanquished.

Notes
Turn   | Place    | Note
-------+----------+-------------------------------------------
     0 | D:1      | qw the Deep Elf Hunter began the quest for the Orb.
     0 | D:1      | Reached XP level 1. HP: 12/12 MP: 3/3
     0 | D:1      | 0 ||| qw: Version: 0.3-a-22-g0ed2b0b
     0 | D:1      | 0 ||| qw: Game counter: 6002
     0 | D:1      | 0 ||| qw: Melee chars always use a shield: true
     0 | D:1      | 0 ||| qw: God list: Okawaru
     0 | D:1      | 0 ||| qw: Allow faded altars: false
     0 | D:1      | 0 ||| qw: Do Orc after clearing Dungeon:15 true
     0 | D:1      | 0 ||| qw: Do second Lair branch before Depths: true
     0 | D:1      | 0 ||| qw: Lair rune preference: random
     0 | D:1      | 0 ||| qw: Goals: Normal
     0 | D:1      | 0 ||| PLANNING D:1-11
   116 | D:1      | Reached XP level 2. HP: 16/16 MP: 4/4
   145 | D:1      | Reached skill level 6 in Ranged Weapons
   624 | D:1      | 624 ||| UPGRADING to +0 ring mail.
   634 | D:1      | 634 ||| DROPPING +0 leather armour.
   635 | D:1      | 635 ||| UPGRADING to ring of protection from fire.
   636 | D:1      | 636 ||| UPGRADING to ring of protection from cold.
   637 | D:1      | 637 ||| READING scroll labelled BAOPTUY JEDI.
   638 | D:1      | 638 ||| READING scroll labelled DERPHI RUHAVOGA.
   643 | D:1      | 643 ||| READING scroll labelled OSSIAGHUSH.
   644 | D:1      | 644 ||| READING 2 scrolls labelled JETTIE DAOJENK.
   645 | D:1      | 645 ||| DROPPING scroll of butterflies.
   647 | D:1      | 647 ||| Stepping ~*~*~tactically~*~*~ (cloud).
   648 | D:1      | HP: 2/16 [poisoned by you (poison gas)]
   650 | D:1      | Succumbed to their own poison gas

Levels and vault maps discovered:
D:1:      ncdulo_smallfort, layout_loops_cross

Skill      XL: |  1  2 |
---------------+-------+-----
Ranged Weapons | 6 |  6.2
Fighting       | |  1.5
Dodging        | |  2.4
Stealth        | |  1.2

Action                     || total
---------------------------++-------
   Fire: Shortbow          ||    40
    Use: Scroll            ||     4
 Armour: Leather armour    ||     3
  Dodge: Dodged            ||    12

Table legend:
 A = Non-vault XP
 B = Vault XP
 C = Vault XP percentage of total XP
 D = Non-vault monster count
 E = Vault monster count
 F = Vault count percentage of total count
                 A         B        C        D         E       F
            +---------+---------+-------+---------+---------+-------
      Total |      24 |       0 |   0.0 |      16 |       0 |   0.0
            +---------+---------+-------+---------+---------+-------
        D:1 |      24 |       0 |   0.0 |      16 |       0 |   0.0
            +---------+---------+-------+---------+---------+-------
